[Event "Team 45 45 League T29"]
[Site "Internet Chess Club"]
[Date "2006.01.22"]
[Round "5"]
[White "twintower"]
[Black "Two-DogMan"]
[Result "1-0"]
[WhiteElo "1559"]
[BlackElo "1481"]
[TimeControl "2700+45"]

1. e4 e5 2. Nf3 d6 3. Bc4 h6 4. d4 exd4 5. Nxd4 Be7 6. Qh5 g6 7. Qf3 Nf6 8. Nc3
c6 9. Bf4 Nbd7 10. h3 Ne5 11. Bxe5 dxe5 12. Nb3 O-O 13. Qg3 b5 14. Qxg6+ Kh8 15.
Bxf7 Rxf7 16. Qxf7 b4 17. Ne2 Ba6 18. Ng3 Ng8 19. Nf5 Qf8 20. Qe6 Bb7 21. Nxe7
Nxe7 22. Qxe5+ Kg8 23. Qg3+ Kh7 24. O-O-O Qe8 25. Qc7 Bc8 26. Rd8 Qg6 27. Qxe7+
Qg7 28. Qxg7+ Kxg7 29. Rhd1 Kf7 30. f4 Ke7 31. Rh8 a5 32. Rdd8 Ra7 33. Rxc8 Rd7
34. Rh7+ Ke6 35. Rxd7 Kxd7 {Black resigns} 1-0  aics%

[Event "Team 45 45 League T29"]
[Site "Internet Chess Club"]
[Date "2006.01.20"]
[Round "5"]
[White "Avedldesierto"]
[Black "Pawndemonium"]
[Result "0-1"]
[WhiteElo "1690"]
[BlackElo "1575"]
[TimeControl "2700+45"]

1. e4 c6 2. Nc3 d5 3. exd5 cxd5 4. Bb5+ Nc6 5. d4 Nf6 6. Be3 e6 7. a3 Be7 8. Nf3
O-O 9. Bd3 a6 10. Ng5 h6 11. Nf3 Qc7 12. Qd2 Ng4 13. O-O-O Nxe3 14. fxe3 b5 15.
Na2 Bd7 16. h4 Rfb8 17. c3 a5 18. g4 b4 19. axb4 axb4 20. b3 Qa5 21. Bb1 bxc3
22. Qxc3 Qa3+ 23. Kc2 Na5 24. Kd2 Rxb3 25. Qc7 Nc4+ 26. Ke1 Rxe3+ 27. Kf1 Rxf3+
28. Kg1 Qe3+ 29. Kh2 Qf2# {White checkmated} 0-1  aics%

[Event "Team 45 45 League T29"]
[Site "Internet Chess Club"]
[Date "2006.01.27"]
[Round "5"]
[White "softpawn"]
[Black "MoluscoGrotesco"]
[Result "0-1"]
[WhiteElo "1438"]
[BlackElo "1697"]
[TimeControl "2700+45"]

1. e4 c5 2. Nf3 Nc6 3. Bd3 e5 4. c3 d6 5. h3 Be6 6. Bc2 Be7 7. O-O Qd7 8. d4
cxd4 9. cxd4 exd4 10. Nxd4 Bc4 11. Re1 O-O-O 12. b3 Be6 13. a4 Nxd4 14. Qxd4 Bf6
15. Qxa7 Bxa1 16. Qa8+ Kc7 17. Qa5+ Kb8 18. Be3 b6 19. Bxb6 Rc8 20. Bd3 Ne7 21.
Na3 Bc3 22. Bb5 Bxa5 23. Bxd7 Bxe1 {White resigns} 0-1  aics%

[Event "Team 45 45 League T29"]
[Site "Internet Chess Club"]
[Date "2006.01.21"]
[Round "5"]
[White "pumba"]
[Black "Bookkeeper"]
[Result "1-0"]
[WhiteElo "1530"]
[BlackElo "1458"]
[TimeControl "2700+45"]

1. e4 c5 2. Nc3 d6 3. f4 Nf6 4. Nf3 g6 5. Bc4 Bg7 6. d3 O-O 7. O-O Nc6 8. Ne2
Na5 9. Bb3 Nxb3 10. axb3 b5 11. Qe1 Qb6 12. Kh1 c4 13. bxc4 bxc4 14. Qh4 cxd3
15. cxd3 Re8 16. f5 Ba6 17. fxg6 fxg6 18. Nf4 e5 19. Nxg6 hxg6 20. Ng5 Bxd3 21.
Rxf6 {Black resigns} 1-0  aics%

[Event "Team 45 45 League T29"]
[Site "Internet Chess Club"]
[Date "2006.01.22"]
[Round "5"]
[White "chevalpnh"]
[Black "jientho"]
[Result "0-1"]
[WhiteElo "1443"]
[BlackElo "1429"]
[TimeControl "2700+45"]

1. e4 e5 2. Nf3 Nf6 3. Nc3 Bb4 4. Nxe5 O-O 5. d3 Re8 6. Nf3 d5 7. e5 d4 8. a3
Ba5 9. b4 Bxb4 10. axb4 dxc3 11. Be2 Nd5 12. Rb1 Nc6 13. d4 Ndxb4 14. O-O Bf5
15. Bg5 Qd5 16. Bd3 Bxd3 17. cxd3 c2 18. Qd2 cxb1=Q 19. Rxb1 a5 20. Qe3 Nc2 21.
Qf4 N6xd4 22. Qg4 Nxf3+ 23. gxf3 Qxd3 24. Bf6 Qg6 25. Qxg6 hxg6 26. Rc1 gxf6 27.
Rxc2 Rxe5 28. Rxc7 Rd8 29. Rxb7 Rd1+ 30. Kg2 Rg5+ 31. Kh3 Rdg1 32. Rb8+ Kg7
{White resigns} 0-1  aics%

[Event "Team 45 45 League T29"]
[Site "Internet Chess Club"]
[Date "2006.01.20"]
[Round "5"]
[White "Knight-Rookie"]
[Black "LaskerFan"]
[Result "0-1"]
[WhiteElo "1459"]
[BlackElo "1400"]
[TimeControl "2700+45"]

1. e4 c5 2. Nf3 Nc6 3. Bc4 e6 4. O-O a6 5. d4 b5 6. Be2 cxd4 7. Nxd4 Qc7 8. Be3
Nf6 9. Bf3 Ne5 10. Nd2 Nxf3+ 11. Qxf3 Bb7 12. Rac1 d5 13. exd5 Bxd5 14. Qe2 Rc8
15. b3 Ba3 16. Rcd1 O-O 17. N2f3 e5 18. Nf5 Qxc2 19. Qxc2 Rxc2 20. Nxe5 Rxa2 21.
Rd3 Be4 22. Rd2 Rxd2 23. Bxd2 Bxf5 24. Ra1 b4 25. Nc6 Be4 26. Nxb4 Bxb4 27. Bxb4
Rb8 28. Be7 Rxb3 29. f3 Bb7 30. Rd1 h6 31. Bxf6 gxf6 32. Rd7 a5 33. Kf2 a4 34.
Rd2 a3 35. Ra2 Rb2+ 36. Rxb2 axb2 {White resigns} 0-1  aics%

[Event "Team 45 45 League T29"]
[Site "Internet Chess Club"]
[Date "2006.01.21"]
[Round "5"]
[White "JimGaming"]
[Black "slakkjaw"]
[Result "1-0"]
[WhiteElo "1253"]
[BlackElo "1167"]
[TimeControl "2700+45"]

1. e4 e5 2. Nf3 d6 3. d4 Qe7 4. Bg5 Nf6 5. h3 h6 6. Bxf6 Qxf6 7. d5 Bd7 8. c4 c6
9. Nc3 a6 10. a4 a5 11. Qb3 Ra7 12. Qb6 Be7 13. Qxa7 O-O 14. Qxb7 Rd8 15. Qc7
Na6 16. Qxa5 Nc5 17. Qb6 Qf4 18. dxc6 Bxc6 19. Qxc6 Rb8 20. Nd2 Bg5 21. Qxd6 Rd8
22. Qxd8+ Bxd8 23. Nd5 Bg5 24. Nxf4 {Black resigns} 1-0  aics%

[Event "Team 45 45 League T29"]
[Site "Internet Chess Club"]
[Date "2006.01.21"]
[Round "5"]
[White "wellfred"]
[Black "Hastings"]
[Result "0-1"]
[WhiteElo "1213"]
[BlackElo "1262"]
[TimeControl "2700+45"]

1. e4 e5 2. Nf3 Nc6 3. Nc3 Nf6 4. d4 exd4 5. Nxd4 Bc5 6. Be3 Nxd4 7. Bxd4 Qe7 8.
h3 O-O 9. Bxc5 Qxc5 10. Bd3 Re8 11. O-O d6 12. Re1 Qg5 13. Re3 Nh5 14. Nd5 Nf4
15. Rg3 Nxh3+ 16. gxh3 Qd8 17. Qf3 c6 18. Nf6+ Kh8 19. Nxe8 Qxe8 20. Re1 Qe6 21.
Qf5 Qxa2 22. Qxf7 Qxf7 23. Ree3 Be6 24. Ref3 Qd7 25. e5 dxe5 26. b3 Qd5 27. Re3
h6 28. Kh2 Rf8 29. Be4 Rxf2+ 30. Kg1 Qd2 31. Bd3 Rg2+ 32. Kh1 Rh2+ 33. Kg1 Qf2#
{White checkmated} 0-1  aics%

[Event "Team 45 45 League T29"]
[Site "Internet Chess Club"]
[Date "2006.01.21"]
[Round "5"]
[White "G11825"]
[Black "Tomate"]
[Result "0-1"]
[WhiteElo "1334"]
[BlackElo "1495"]
[TimeControl "2700+45"]

1. e4 e5 2. Nf3 Nc6 3. Bc4 Nf6 4. d3 Bc5 5. O-O d6 6. Nc3 Bg4 7. h3 Bh5 8. Bg5
Nd4 9. g4 Bg6 10. Nd5 Ne6 11. b4 Bb6 12. Nxb6 axb6 13. Re1 O-O 14. Nh4 Nxg5 15.
Nxg6 hxg6 16. Kg2 Ne6 17. Qd2 Nh7 18. Rad1 Qh4 19. Qe3 Nf4+ 20. Kh2 Ng5 21. Qg3
Qxg3+ 22. Kxg3 Nge6 23. c3 c6 24. d4 Ra3 25. dxe5 Rxc3+ 26. Kh2 Rxc4 27. Rxd6
Rxb4 28. Rd7 Nc5 29. Re7 Rb2 30. a3 Rxf2+ 31. Kg3 Nfd3 32. Rd1 Ra8 33. e6 fxe6
34. Kh4 Rf7 35. Rxf7 Kxf7 36. Kg5 Rxa3 37. Rf1+ Kg8 38. Kxg6 Ra8 39. Rf7 Ne5+
40. Kg5 Nxf7+ 41. Kf4 Rd8 42. h4 b5 43. g5 b4 44. g6 Nh6 45. Kg5 b3 46. h5 b2
47. e5 b1=Q 48. Kf4 Qf5+ 49. Kg3 Ne4+ 50. Kh4 Qg4# {White checkmated} 0-1  aics%

[Event "Team 45 45 League T29"]
[Site "Internet Chess Club"]
[Date "2006.01.21"]
[Round "5"]
[White "moreffee"]
[Black "PaleMorningDun"]
[Result "0-1"]
[WhiteElo "1375"]
[BlackElo "1303"]
[TimeControl "2700+45"]

1. e4 d5 2. exd5 Nf6 3. c4 e6 4. dxe6 Bxe6 5. Nc3 Bc5 6. Nf3 Nc6 7. a3 Nd4 8.
Be2 O-O 9. O-O Nxf3+ 10. Bxf3 c6 11. d3 Bf5 12. Ne4 Bd4 13. Ra2 Re8 14. Bg5 Re6
15. Ng3 Bg6 16. Bh5 Bxd3 17. Be2 Bxe2 18. Nxe2 Bxf2+ 19. Kxf2 Ng4+ 20. Kg1 Qxg5
21. b4 Ne3 22. Nf4 Nxd1 23. Nxe6 Qe3+ 24. Kh1 Qxe6 25. Rxd1 h6 26. Rad2 Qxc4 27.
h3 Re8 {White resigns} 0-1  aics%

[Event "Team 45 45 League T29"]
[Site "Internet Chess Club"]
[Date "2006.01.22"]
[Round "5"]
[White "Mutaant"]
[Black "Dalcon"]
[Result "0-1"]
[WhiteElo "1340"]
[BlackElo "1244"]
[TimeControl "2700+45"]

1. e4 e5 2. Nf3 Nc6 3. Bb5 Nf6 4. d3 Bc5 5. O-O O-O 6. Bxc6 dxc6 7. Nxe5 Qe7 8.
Nc4 Bg4 9. Qe1 b5 10. Na5 Bd7 11. Bf4 Bb6 12. Qc3 c5 13. Nb3 b4 14. Qe5 Qe6 15.
a4 a5 16. N1d2 Rfe8 17. Nc4 Qxe5 18. Bxe5 Be6 19. Nxb6 cxb6 20. Nd2 Ng4 21. Bc7
Ra6 22. f4 Ne3 23. Rfc1 Rc8 24. Bd6 f5 25. h3 fxe4 26. dxe4 Rd8 27. e5 Nd5 28.
Ne4 Nxf4 29. Rd1 Bf5 30. Re1 Ne6 31. Re2 Nd4 32. Rae1 Nxe2+ 33. Rxe2 Bd7 34. b3
c4 35. Rf2 cxb3 36. cxb3 Be6 37. Rf3 Bd5 38. Re3 Rc8 39. Nd2 Rc1+ 40. Kh2 Rc3
41. Rg3 Rxg3 42. Kxg3 Bc6 43. Bc7 b5 44. axb5 Bxb5 45. Kf4 a4 46. bxa4 Bxa4 47.
Nc4 Rc6 48. Nb6 Rxc7 49. Nxa4 b3 50. Ke4 Rc4+ {White resigns} 0-1  aics%

[Event "Team 45 45 League T29"]
[Site "Internet Chess Club"]
[Date "2006.01.18"]
[Round "5"]
[White "GLuft"]
[Black "Leftorium"]
[Result "0-1"]
[WhiteElo "1159"]
[BlackElo "1288"]
[TimeControl "2700+45"]

1. e4 e5 2. Nf3 Nc6 3. Bc4 Nf6 4. d3 Bc5 5. O-O O-O 6. c3 d6 7. d4 Bb6 8. Re1
Bg4 9. Qd3 exd4 10. Nxd4 Nxd4 11. cxd4 Qd7 12. f3 Bh5 13. e5 dxe5 14. Rxe5 Bxd4+
15. Re3 Rfe8 16. Kf2 Qd6 17. Qb3 Qf4 18. Qd3 Ng4+ 19. Kg1 Qxh2+ 20. Kf1 Qh1+ 21.
Ke2 Qxg2+ 22. Ke1 Qf2+ 23. Kd1 Nxe3+ 24. Bxe3 Bxf3+ 25. Kc1 Qxb2# {White
checkmated} 0-1  aics%

[Event "Team 45 45 League T29"]
[Site "Internet Chess Club"]
[Date "2006.01.24"]
[Round "5"]
[White "calily"]
[Black "MrLee"]
[Result "0-1"]
[WhiteElo "1625"]
[BlackElo "1687"]
[TimeControl "2700+45"]

1. e4 c5 2. Nf3 Nc6 3. d4 cxd4 4. Nxd4 Nf6 5. Nc3 e6 6. Nxc6 bxc6 7. Bd3 d5 8.
O-O d4 9. Ne2 e5 10. f4 Bd6 11. fxe5 Bxe5 12. Bf4 Bxf4 13. Nxf4 O-O 14. h3 Re8
15. Qf3 Re5 16. b4 Qe7 17. a3 a5 18. bxa5 Rexa5 19. Rae1 Qe5 20. Ne2 Rxa3 21.
Qf4 Qxf4 22. Rxf4 c5 23. Ng3 Be6 24. Nf5 c4 25. Bf1 d3 26. cxd3 cxd3 27. Nd4 Ra1
28. Rxa1 Rxa1 29. Nf3 Nh5 {White resigns} 0-1  aics%

[Event "Team 45 45 League T29"]
[Site "Internet Chess Club"]
[Date "2006.01.22"]
[Round "5"]
[White "smitty120"]
[Black "egd01"]
[Result "1-0"]
[WhiteElo "1750"]
[BlackElo "1440"]
[TimeControl "2700+45"]

1. e4 e5 2. Nf3 Nc6 3. d4 exd4 4. Nxd4 Nxd4 5. Qxd4 d6 6. Bf4 Qf6 7. Qxf6 Nxf6
8. Nc3 a6 9. O-O-O Be7 10. Be2 O-O 11. e5 dxe5 12. Bxe5 c6 13. Rhe1 Be6 14. Bd6
Rfe8 15. Bf3 Bf8 16. Na4 Bg4 17. Bxf8 Bxf3 18. gxf3 Kxf8 19. Nc5 Rxe1 20. Rxe1
b6 21. Ne4 Re8 22. Re3 Nd5 23. Ra3 a5 24. c4 Nf4 25. Re3 Ng2 26. Rb3 f5 27. Ng3
f4 28. Ne4 Ne1 29. c5 Nxf3 30. cxb6 Nd4 31. Rd3 Rxe4 32. b7 Ne2+ 33. Kd2 Re8 34.
Rd7 Rb8 35. Kxe2 h6 36. Rc7 {Black resigns} 1-0  aics%

[Event "Team 45 45 League T29"]
[Site "Internet Chess Club"]
[Date "2006.01.26"]
[Round "5"]
[White "mambomex"]
[Black "BorgCollective"]
[Result "0-1"]
[WhiteElo "1620"]
[BlackElo "1476"]
[TimeControl "2700+45"]

1. e4 d5 2. exd5 Nf6 3. d4 Nxd5 4. Nf3 Bg4 5. Be2 e6 6. O-O Bd6 7. c4 Nf4 8.
Bxf4 Bxf4 9. h3 Bf5 10. Re1 O-O 11. Nc3 Qf6 12. b4 Nc6 13. a3 Rad8 14. Qb3 Nxd4
15. Nxd4 Rxd4 16. Nb5 Rd2 17. Qf3 Be5 18. Rad1 Rxd1 19. Rxd1 a6 20. Na7 Qg6 21.
Qe3 Bf6 22. Rd7 Be4 23. f3 Bf5 24. g4 h5 25. Rxc7 hxg4 26. hxg4 Bg5 27. Qc3 Rd8
28. Rxb7 Bf6 29. Qb3 Rd2 30. Kf1 Bd3 31. Bxd3 Rxd3 32. Rb8+ Kh7 33. Qc2 Rxf3+
34. Qf2 Qd3+ 35. Kg2 Rxf2+ 36. Kxf2 Bd4+ {White resigns} 0-1  aics%

[Event "Team 45 45 League T29"]
[Site "Internet Chess Club"]
[Date "2006.01.22"]
[Round "5"]
[White "stan194803"]
[Black "arriero55"]
[Result "0-1"]
[WhiteElo "1412"]
[BlackElo "1526"]
[TimeControl "2700+45"]

1. e4 c5 2. Nf3 Nc6 3. Bb5 Qb6 4. Nc3 e6 5. O-O Nd4 6. Bc4 Nf6 7. d3 d6 8. Re1
Be7 9. Nxd4 cxd4 10. Ne2 O-O 11. Bb3 Bd7 12. Bg5 h6 13. Bxf6 Bxf6 14. Nf4 Qa5
15. Nh5 Bd8 16. Qg4 Qg5 17. Qe2 g6 18. Ng3 Rc8 19. f4 Qxf4 20. e5 Be7 21. Ne4
Qxe5 22. Rf1 d5 23. Ng3 Qxe2 24. Nxe2 a5 25. Nxd4 a4 26. Nf3 axb3 27. cxb3 Bd6
28. d4 Rc2 29. Rab1 Bb5 30. Rfd1 Be2 31. Rd2 Rfc8 32. a3 Bxf3 33. Rxc2 Rxc2 34.
gxf3 Bf4 35. a4 Be3+ 36. Kh1 Bxd4 37. h3 Bxb2 38. b4 Rc1+ 39. Rxc1 Bxc1 40. Kg1
Kf8 41. Kf1 Ke7 42. Ke1 Kd6 43. Kd1 Be3 44. Kc2 Kc6 45. Kc3 e5 46. Kd3 Bd4 47.
Kc2 g5 48. Kd3 Bc3 49. Kxc3 f5 50. Kd3 h5 51. Kc3 e4 52. fxe4 fxe4 53. Kd4 g4
54. hxg4 hxg4 55. Ke3 g3 56. Ke2 d4 57. Kf1 d3 58. Kg2 d2 59. Kxg3 d1=Q 60. Kf4
{White resigns} 0-1  aics%

[Event "Team 45 45 League T29"]
[Site "Internet Chess Club"]
[Date "2006.01.27"]
[Round "5"]
[White "gravitydk"]
[Black "martineden"]
[Result "0-1"]
[WhiteElo "1771"]
[BlackElo "1778"]
[TimeControl "2700+45"]

1. e4 d6 2. d4 Nf6 3. Nc3 g6 4. f4 Bg7 5. Nf3 O-O 6. Be3 Nc6 7. d5 Nb8 8. Qd2 c6
9. O-O-O cxd5 10. exd5 Nbd7 11. f5 gxf5 12. Bh6 Bxh6 13. Qxh6 Ne4 14. Nxe4 fxe4
15. Ng5 Nf6 16. Bc4 Bf5 17. Rhf1 Qd7 18. Rf4 Bg6 19. Rdf1 Rac8 20. Bb3 a5 21.
Rh4 Ng4 22. Rxg4 Qxg4 23. Nh3 Qe2 24. Rd1 Rxc2+ 25. Bxc2 e3 26. Qxf8+ Kxf8 27.
Bxg6 hxg6 28. Nf4 Qc4+ {White resigns} 0-1  aics%

[Event "Team 45 45 League T29"]
[Site "Internet Chess Club"]
[Date "2006.01.21"]
[Round "5"]
[White "tryanything"]
[Black "stakastra"]
[Result "0-1"]
[WhiteElo "1531"]
[BlackElo "1605"]
[TimeControl "2700+45"]

1. e4 e5 2. Nf3 Nc6 3. Bc4 Bc5 4. O-O Nf6 5. b4 Bxb4 6. c3 Be7 7. d4 d6 8. Re1
Bg4 9. Ba3 O-O 10. Qd3 Bxf3 11. Qxf3 exd4 12. cxd4 Nxd4 13. Qd3 Nc6 14. Nd2 Ne5
15. Qc3 Nfd7 16. Rad1 Bf6 17. Bb3 Nc6 18. Qh3 Nde5 19. Bb2 Qc8 20. Qg3 Qg4 21.
Bxe5 Nxe5 22. Qc3 Qh5 23. Qxc7 Nd3 24. Re3 Nc5 25. Rh3 Qe5 26. Nf3 Qxe4 27. Bd5
Qa4 28. Rf1 Qa6 29. Nd2 Rac8 30. Bc4 Qxc4 31. Qxc8 Qxf1+ 32. Kxf1 Rxc8 {White
resigns} 0-1  aics%

[Event "Team 45 45 League T29"]
[Site "Internet Chess Club"]
[Date "2006.01.21"]
[Round "5"]
[White "caalan"]
[Black "Fineas-Fogg"]
[Result "1-0"]
[WhiteElo "1532"]
[BlackElo "1484"]
[TimeControl "2700+45"]

1. d4 Nf6 2. c4 c5 3. d5 b5 4. cxb5 a6 5. b6 Qxb6 6. Nf3 Bb7 7. Nc3 g6 8. e4 d6
9. Bc4 Nbd7 10. O-O Bg7 11. Qc2 O-O 12. Re1 Qa7 13. Bf4 Nb6 14. Bf1 Rfc8 15.
Rac1 Nfd7 16. Qd2 a5 17. e5 Ba6 18. exd6 exd6 19. Ne4 Bxf1 20. Rxf1 Nc4 21. Rxc4
{Black resigns} 1-0  aics%

[Event "Team 45 45 League T29"]
[Site "Internet Chess Club"]
[Date "2006.01.21"]
[Round "5"]
[White "engeln"]
[Black "sdcohle"]
[Result "0-1"]
[WhiteElo "1402"]
[BlackElo "1380"]
[TimeControl "2700+45"]

1. d4 d5 2. c4 dxc4 3. Nc3 Nf6 4. e4 c6 5. Bxc4 g6 6. Nf3 Bg7 7. e5 Nd5 8. O-O
O-O 9. Re1 Bg4 10. Qd3 Nxc3 11. bxc3 Nd7 12. e6 fxe6 13. Ng5 Rf6 14. Bxe6+ Bxe6
15. Nxe6 Qc8 16. Bg5 Rxe6 17. Rxe6 Nc5 18. dxc5 Qxe6 19. Kf1 Qe5 20. Bd2 Qxc5
21. Re1 e5 22. Qd7 Rf8 23. Re2 Qb5 24. Qe6+ Kh8 25. c4 Qb1+ 26. Re1 Qxa2 27. Bc3
Qxf2# {White checkmated} 0-1  aics%

[Event "Team 45 45 League T29"]
[Site "Internet Chess Club"]
[Date "2006.01.24"]
[Round "5"]
[White "gatoruss"]
[Black "Midwest-Rook"]
[Result "0-1"]
[WhiteElo "1270"]
[BlackElo "1265"]
[TimeControl "2700+45"]

1. d4 d5 2. c4 e6 3. Nc3 Nf6 4. a3 Nbd7 5. Bg5 c6 6. cxd5 cxd5 7. e4 Qa5 8. Bxf6
Nxf6 9. e5 Ne4 10. Qa4+ Qxa4 11. Nxa4 Bd7 12. Nc3 Nxc3 13. bxc3 Rc8 14. Rb1 b6
15. Bb5 Bxb5 16. Rxb5 Rxc3 17. a4 Ra3 18. a5 Rxa5 19. Rxa5 Bb4+ 20. Ke2 Bxa5 21.
Nf3 O-O 22. Rc1 b5 23. Ra1 Bb6 24. Kd3 h6 25. Nd2 f6 26. Nb3 fxe5 27. Nc5 e4+
28. Ke3 Rc8 29. Nxe6 Rc3+ 30. Kf4 Kf7 31. Ke5 Rc2 32. f3 exf3 33. gxf3 Rxh2 34.
f4 Rh5+ 35. f5 g6 36. Nd8+ Bxd8 37. Rxa7+ Be7 38. Kxd5 Rxf5+ 39. Kc6 b4 40. Rb7
h5 41. d5 h4 42. d6 Ke8 43. d7+ Kf8 44. Rb8+ Kf7 45. Rxb4 Rf6+ 46. Kc7 h3 47.
Re4 Re6 48. Rh4 Bxh4 {White resigns} 0-1  aics%

[Event "Team 45 45 League T29"]
[Site "Internet Chess Club"]
[Date "2006.01.22"]
[Round "5"]
[White "WannaB"]
[Black "Mila-Reina"]
[Result "0-1"]
[WhiteElo "1104"]
[BlackElo "1331"]
[TimeControl "2700+45"]

1. e4 e5 2. Nf3 Nf6 3. Nxe5 d6 4. Nf3 Nxe4 5. Nc3 d5 6. Qe2 Qe7 7. Nxd5 Ng3 8.
hxg3 Qxe2+ 9. Bxe2 Bd6 10. O-O Nc6 11. Bb5 Bd7 12. Re1+ Be6 13. Bxc6+ bxc6 14.
Nxc7+ Bxc7 15. Nd4 O-O 16. b3 Bd7 17. Ba3 Rfd8 18. b4 Bd6 19. Rab1 a5 20. Rb3
Rdb8 21. b5 Bxa3 22. Rxa3 cxb5 23. Re7 b4 24. Rae3 Ba4 25. c3 b3 26. axb3 Bxb3
27. Nxb3 a4 28. Re8+ Rxe8 29. Rxe8+ Rxe8 30. Nc5 a3 31. Nb3 a2 32. Na1 Re1+ 33.
Kh2 Rxa1 {White resigns} 0-1  aics%

[Event "Team 45 45 League T29"]
[Site "Internet Chess Club"]
[Date "2006.01.20"]
[Round "5"]
[White "Havoc"]
[Black "rpgrossman"]
[Result "1-0"]
[WhiteElo "1261"]
[BlackElo "1049"]
[TimeControl "2700+45"]

1. d4 Nc6 2. d5 Ne5 3. e4 Nf6 4. Nc3 e6 5. Bg5 h6 6. Bf4 Bc5 7. Bxe5 Ng4 8. Qxg4
Qg5 9. Qxg5 hxg5 10. Bxg7 Rg8 11. Bf6 exd5 12. Nxd5 Bd6 13. Nf3 c6 14. Nc3 g4
15. Nd4 c5 16. Nf5 Rg6 17. Nxd6+ Kf8 18. e5 b6 19. Bc4 Rb8 20. O-O-O Bb7 21.
Nxb7 Rxb7 22. Bb5 d6 23. Rxd6 Rxf6 24. Rxf6 Re7 25. Re1 Kg7 26. Re4 Rxe5 27.
Rxf7+ Kxf7 28. Rxe5 Kf6 29. Re3 {Black resigns} 1-0  aics%

[Event "Team 45 45 League T29"]
[Site "Internet Chess Club"]
[Date "2006.01.19"]
[Round "5"]
[White "EyeAm"]
[Black "Traho"]
[Result "1-0"]
[WhiteElo "1359"]
[BlackElo "1282"]
[TimeControl "2700+45"]

1. e4 e5 2. Nf3 Nf6 3. Bc4 Nxe4 4. d3 Nd6 5. Nxe5 Nxc4 6. Nxc4 d6 7. Qe2+ Qe7 8.
Qxe7+ Bxe7 9. O-O O-O 10. Nc3 Nc6 11. Be3 Nb4 12. Rac1 Be6 13. a3 Nd5 14. Nxd5
Bxd5 15. Nd2 b6 16. c4 Bb7 17. b4 c5 18. b5 Bf6 19. a4 a5 20. Ne4 Bxe4 21. dxe4
Rfe8 22. f3 Bb2 23. Rc2 Ba3 24. Bf4 Rad8 25. Rd1 Re6 26. e5 h6 27. Rxd6 Rdxd6
28. exd6 Re1+ 29. Kf2 Bb4 30. d7 {Black resigns} 1-0  aics%

[Event "Team 45 45 League T29"]
[Site "Internet Chess Club"]
[Date "2006.01.24"]
[Round "5"]
[White "SandiaCaveMan"]
[Black "houseofcook"]
[Result "1/2-1/2"]
[WhiteElo "1437"]
[BlackElo "1378"]
[TimeControl "2700+45"]

1. d4 Nf6 2. Nf3 d5 3. e3 e6 4. Bd3 g6 5. Nbd2 Bg7 6. Ne5 O-O 7. Ndf3 Nbd7 8.
O-O Nxe5 9. Nxe5 Nd7 10. Ng4 f5 11. Ne5 Nxe5 12. dxe5 Bxe5 13. f4 Bg7 14. Qf3 c6
15. c3 b5 16. Bd2 a5 17. a3 a4 18. Rab1 Bd7 19. Qh3 c5 20. Rf3 c4 21. Be2 Qe7
22. Be1 Bf6 23. Kh1 Bc6 24. Rf2 Rae8 25. Kg1 e5 26. g4 fxg4 27. Bxg4 exf4 28.
Re2 fxe3 29. Bg3 Bg5 30. Rbe1 d4 31. cxd4 Qe4 32. Rg2 e2 33. Rexe2 Qxd4+ 34. Bf2
Qd1+ 35. Be1 Qd4+ 36. Bf2 Qd1+ 37. Be1 Qd4+ 38. Bf2 Qd1+ 39. Be1 Qd4+ 40. Bf2
{Game drawn by repetition} 1/2-1/2  aics%

[Event "Team 45 45 League T29"]
[Site "Internet Chess Club"]
[Date "2006.01.22"]
[Round "5"]
[White "arconia"]
[Black "littleboo"]
[Result "1-0"]
[WhiteElo "1328"]
[BlackElo "1208"]
[TimeControl "2700+45"]

1. e4 e5 2. c4 Nf6 3. Nc3 Nc6 4. Nf3 Bc5 5. b3 Ng4 6. d4 Nxd4 7. Be3 Nxe3 8.
fxe3 Bb4 9. Rc1 Nxf3+ 10. Qxf3 c6 11. Be2 Qa5 12. O-O O-O 13. Nd1 Qxa2 14. Nf2
d6 15. Nd3 Qxb3 16. Rb1 Qxc4 17. Nxb4 Qe6 18. Rbc1 Qe7 19. Rf2 f5 20. Rcf1 d5
21. exd5 e4 22. Qf4 Qxb4 23. d6 Rd8 24. g4 Qxd6 25. Qg5 h6 26. Qh5 Qc5 27. gxf5
Qxe3 28. Bc4+ Kh8 29. Qf7 Qd4 30. f6 gxf6 31. Qg6 Bf5 32. Qxf5 Rd7 33. Be2 Rg8+
34. Kh1 Rdg7 35. Qxf6 Qxf6 36. Rxf6 Rg6 37. Rxg6 Rxg6 38. Rf8+ Rg8 39. Rf7 Rg7
40. Rf8+ Kh7 41. Re8 b6 42. Rxe4 c5 43. Bd3 Kg8 44. Rh4 Rd7 45. Bc2 Rd2 46. Bb3+
Kg7 47. Rg4+ Kf6 48. h4 Rb2 49. Bd5 Ke5 50. Bf7 Rf2 51. Bc4 Rb2 52. h5 b5 53.
Bf7 a5 54. Rg6 Kd4 55. Rxh6 Kc3 56. Rf6 a4 57. h6 Rd2 58. h7 Rd1+ 59. Kg2 Rd8
60. Bg8 Rd2+ 61. Rf2 {Black resigns} 1-0  aics%

[Event "Team 45 45 League T29"]
[Site "Internet Chess Club"]
[Date "2006.01.19"]
[Round "5"]
[White "andy4226uk"]
[Black "Boromir"]
[Result "0-1"]
[WhiteElo "1826"]
[BlackElo "1892"]
[TimeControl "2700+45"]

1. e4 c6 2. d4 d5 3. f3 e6 4. c4 dxe4 5. fxe4 Qh4+ 6. Ke2 Qxe4+ 7. Be3 Nf6 8.
Nc3 Qg4+ 9. Nf3 Bb4 10. h3 Qh5 11. g4 Nxg4 12. Rg1 Nxe3 13. Kxe3 Bxc3 14. bxc3
Nd7 15. Be2 Qh6+ 16. Kd3 c5 17. Ng5 f6 18. Ne4 O-O 19. Qf1 cxd4 20. cxd4 f5 21.
Ng3 e5 22. Nxf5 Nc5+ 23. dxc5 Bxf5+ 24. Kc3 Qe3+ 25. Kb4 Qd2+ 26. Kb5 Bd7+
{White resigns} 0-1  aics%

[Event "Team 45 45 League T29"]
[Site "Internet Chess Club"]
[Date "2006.01.24"]
[Round "5"]
[White "Zarek"]
[Black "garethn"]
[Result "0-1"]
[WhiteElo "1782"]
[BlackElo "1786"]
[TimeControl "2700+45"]

1. e4 e5 2. Nf3 Nc6 3. d4 exd4 4. Bc4 d6 5. Nxd4 Ne5 6. Bb3 Nf6 7. Nc3 Be7 8.
O-O O-O 9. Kh1 Bg4 10. f3 Bh5 11. g4 Nfxg4 12. fxg4 Bxg4 13. Qe1 c5 14. Nf5 c4
15. Nxe7+ Qxe7 16. Nd5 Qd7 17. Qg3 Kh8 18. Bxc4 Nxc4 19. b3 Ne5 20. Bb2 Rae8 21.
Ne3 Bh5 22. Nf5 Bg6 23. Rad1 Qc6 24. Qg2 Bxf5 25. Rxf5 Ng6 26. Rfd5 Re6 27. h4
f6 28. Qg4 Rfe8 29. h5 Rxe4 30. Qg3 Re1+ 31. Rxe1 Qxd5+ 32. Kg1 Rxe1+ 33. Qxe1
Qg5+ 34. Kf1 Qf4+ 35. Kg1 Qg4+ 36. Kf1 Qf4+ 37. Kg1 Ne5 38. Qa5 Nf3+ 39. Kf2
Nd4+ 40. Kg2 Qf3+ 41. Kh2 Qf2+ 42. Kh1 Qf1+ 43. Kh2 Nf3+ 44. Kg3 Qe1+ 45. Qxe1
Nxe1 46. c4 Nd3 47. Ba3 Nc5 48. b4 Nd3 49. b5 Nc5 50. Bc1 Kg8 51. Be3 Kf7 52.
Bd4 Ke6 53. Kf3 b6 54. Kf4 d5 55. cxd5+ Kxd5 56. Ke3 Ne6 57. h6 Nxd4 58. hxg7
Nf5+ {White resigns} 0-1  aics%

[Event "Team 45 45 League T29"]
[Site "Internet Chess Club"]
[Date "2006.01.23"]
[Round "5"]
[White "TheBrewer"]
[Black "JohnnySP"]
[Result "0-1"]
[WhiteElo "1554"]
[BlackElo "1845"]
[TimeControl "2700+45"]

1. d4 Nf6 2. Nf3 c5 3. c3 e6 4. Nbd2 d5 5. e3 Nc6 6. Bd3 Bd6 7. O-O cxd4 8. exd4
O-O 9. Re1 Qc7 10. Nf1 e5 11. dxe5 Nxe5 12. Nxe5 Bxe5 13. Ng3 Re8 14. Bg5 Bd7
15. Bxf6 Bxf6 16. Qh5 g6 17. Qxd5 Bc6 18. Qb3 a6 19. Be4 Rad8 20. Bxc6 Qxc6 21.
Rxe8+ Rxe8 22. Rd1 Re5 23. Qc2 b5 24. Qd2 Qe6 25. Kf1 Qxa2 26. Qf4 Re6 27. Qc1
Qc4+ 28. Kg1 a5 29. Re1 Rxe1+ 30. Qxe1 Qc6 31. Kf1 a4 32. Qb1 Be5 33. Qe1 Bg7
34. Qe2 a3 35. bxa3 Bxc3 36. Qc2 Qc4+ 37. Kg1 Be5 {White forfeits on time} 0-1 
aics%

[Event "Team 45 45 League T29"]
[Site "Internet Chess Club"]
[Date "2006.01.27"]
[Round "5"]
[White "martineden"]
[Black "wojozim"]
[Result "1-0"]
[WhiteElo "1791"]
[BlackElo "1690"]
[TimeControl "2700+45"]

1. d4 f5 2. Nf3 Nf6 3. Bg5 e6 4. Nbd2 g6 5. e4 h6 6. Bxf6 Qxf6 7. exf5 exf5 8.
Qe2+ Be7 9. O-O-O d5 10. Re1 Nc6 11. Ne5 Nxd4 12. Qd3 c5 13. c3 Nc6 14. Qxd5 Be6
15. Ng4 fxg4 16. Rxe6 Qf7 17. Bb5 O-O 18. Bxc6 bxc6 19. Rxg6+ Kh7 20. Qxf7+ Rxf7
21. Rxg4 Rxf2 22. Rf1 Raf8 23. Rxf2 Rxf2 24. Nf3 h5 25. Ra4 Kh6 26. Rxa7 Bg5+
27. Nxg5 Kxg5 28. Rd7 Kh4 29. Rd2 Rf1+ 30. Kc2 c4 31. a4 Ra1 32. Rd4+ Kg5 33.
Rxc4 Rg1 34. Rd4 Rxg2+ 35. Rd2 Rg4 36. a5 Ra4 37. b4 Kf4 38. Kb3 Ra1 39. Ra2
Rb1+ 40. Kc4 Re1 41. a6 Re8 42. a7 Ra8 43. Kc5 Kg4 44. Kb6 Kh3 45. Kb7 {Black
resigns} 1-0